[Event "-chT Youth Countries 2019"]
[Site "Wuerzburg"]
[Date "2019.10.06"]
[Round "7.6"]
[White "Rempe, Jonas"]
[Black "Brunner, Sophia"]
[Result "1/2-1/2"]
[ECO "C01"]
[WhiteElo "1816"]
[BlackElo "1935"]
[Annotator "NA"]
[PlyCount "118"]
[EventDate "2019.10.02"]
[EventType "team-tourn"]
[EventRounds "7"]
[EventCountry "GER"]
[SourceTitle "playchess.com"]
[Source "ChessBase"]
[SourceQuality "1"]
[WhiteTeam "Schleswig-Holstein"]
[BlackTeam "Niedersachsen"]
[TimeControl "40/5400+30:1800+30"]

1. e4 e6 2. d4 d5 3. exd5 exd5 4. Nf3 Bd6 5. c4 Nf6 6. Bd3 {[%emt 0:00:35] C01: French: Exchange Variation} (6. c5 Be7 7. Bd3 O-O 8. O-O b6 9. Be3 a5 10. cxb6 cxb6 11. Nc3 Ba6 12. Ne5 h6 13. Rc1 Bxd3 14. Qxd3 a4 15. a3 Bd6 16. Qd1 Ne4 17. Nxd5 {1-0 (17) Xiong,J (2707)-Lysyj,I (2596) Khanty-Mansiysk 2019}) 6... dxc4 7. Bxc4 O-O 8. O-O Nc6 9. Bg5 h6 10. Bh4 Bg4 11. Be2 $146 {[%emt 0:02:42] unterminated} ({Predecessor:} 11. d5 Ne5 12. Be2 g5 13. Bg3 Nxf3+ 14. Bxf3 Bxf3 15. Qxf3 Bxg3 16. fxg3 Nxd5 {0-1 (32) Mrz,I (923)-Rodriguez,R (1199) LSS email 2010}) 11... g5 {[%emt 0:10:47] unterminated} 12. Bg3 Bxg3 {[%emt 0:00:20] unterminated} 13. fxg3 Bxf3 14. Bxf3 Qxd4+ 15. Qxd4 Nxd4 16. Nc3 Nxf3+ 17. gxf3 c6 18. Rfe1 Rfe8 19. Rad1 Rxe1+ 20. Rxe1 Kf8 21. Rd1 {[%emt 0:00:13] unterminated} Ke7 22. Kf2 Rd8 {[%emt 0:00:26] unterminated} 23. Re1+ {[%emt 0:02:02] unterminated} Kd7 24. Re2 {[%emt 0:01:55] unterminated} Re8 25. Rd2+ Kc7 {[%emt 0:00:07] unterminated} 26. Kf1 {[%emt 0:02:43] unterminated} Nd7 {[%emt 0:07:04] unterminated} 27. Kf2 Nb6 28. b3 {[%emt 0:00:14] unterminated} Rd8 29. Rc2 {[%emt 0:00:10] unterminated} Nd5 {[%emt 0:06:11] unterminated} 30. Nxd5+ Rxd5 31. Ke3 Kd6 32. Ke2 Ke5 33. Ke3 f5 34. Rc3 f4+ 35. gxf4+ gxf4+ 36. Ke2 {[%emt 0:00:08] unterminated} Kf5 37. Rc4 {[%emt 0:00:50] unterminated} Kg5 {unterminated} 38. Rd4 $2 (38. h4+ $17 Kf5 39. b4) 38... Kf5 $2 (38... Rxd4 {mates} 39. Ke1 Rd3 40. Ke2 Rc3 41. h3 Kh4 42. a4 Rxb3 43. Kd2 Rxf3 44. a5 Ra3 45. Kc2 f3 46. Kb2 Rxa5 47. Kc2 f2 48. Kd3 f1=Q+ {[%mdl 64] Double Attack} 49. Kd2 Qxh3 50. Kc1 Ra2 51. Kb1 Qb3+ 52. Kc1 Qc2#) 39. Rc4 $1 Ra5 40. a4 Re5+ 41. Kf2 {[%emt 0:30:35] unterminated} Re3 {[%emt 0:35:36] unterminated} ({Black should play} 41... a5 42. Rc3 Kg5) 42. b4 Ra3 43. a5 Ra2+ 44. Kg1 Re2 45. a6 Re7 46. Rc5+ Kg6 47. axb7 Rxb7 48. Rxc6+ Kg5 {unterminated} 49. Rc5+ {[%emt 0:00:00] unterminated} Kf6 50. Rc6+ {[%emt 0:00:00] unterminated} Ke5 $11 51. Rxh6 Rxb4 52. Ra6 Rb7 53. Ra4 Rg7+ 54. Kf2 Kf5 55. Ra5+ Kf6 56. Ra6+ Kg5 57. Ra5+ Kf6 58. Ra6+ Ke5 59. Ra5+ Kf6 {normal} 1/2-1/2

[Event "-chT Youth Countries 2019"]
[Site "Wuerzburg"]
[Date "2019.10.06"]
[Round "7.6"]
[White "Butenandt, Svenja"]
[Black "Grining, Maria"]
[Result "1/2-1/2"]
[ECO "A52"]
[WhiteElo "1805"]
[BlackElo "1801"]
[Annotator "NA"]
[PlyCount "40"]
[EventDate "2019.10.02"]
[EventType "team-tourn"]
[EventRounds "7"]
[EventCountry "GER"]
[SourceTitle "playchess.com"]
[Source "ChessBase"]
[SourceQuality "1"]
[WhiteTeam "Bayern 2"]
[BlackTeam "Baden 2"]
[TimeControl "40/5400+30:1800+30"]

1. d4 Nf6 2. c4 e5 3. dxe5 Ng4 4. e3 Nxe5 5. Nh3 Nbc6 6. Nf4 Bb4+ 7. Bd2 Bxd2+ 8. Qxd2 d6 9. Nc3 Bg4 10. h3 Qh4 11. Nb5 O-O-O 12. Nd5 Rd7 13. b4 Be6 14. Nbxc7 Rxc7 15. Nxc7 Kxc7 16. b5 Nd8 17. Rd1 Qe7 18. Qa5+ Kb8 19. Qb4 Kc7 20. Qa5+ Kb8 {normal} 1/2-1/2

[Event "-chT Youth Countries 2019"]
[Site "Wuerzburg"]
[Date "2019.10.06"]
[Round "7.6"]
[White "Ermitsch, Magnus"]
[Black "Dietz, Kristin"]
[Result "1-0"]
[ECO "B42"]
[WhiteElo "1671"]
[BlackElo "1948"]
[Annotator "NA"]
[PlyCount "50"]
[EventDate "2019.10.02"]
[EventType "team-tourn"]
[EventRounds "7"]
[EventCountry "GER"]
[SourceTitle "playchess.com"]
[Source "ChessBase"]
[SourceQuality "1"]
[WhiteTeam "Berlin"]
[BlackTeam "Sachsen-Anhalt"]
[TimeControl "40/5400+30:1800+30"]

1. e4 c5 2. Nf3 e6 3. d4 cxd4 4. Nxd4 a6 5. Bd3 g6 6. O-O Bg7 7. Nb3 Nc6 {[%emt 0:00:33] unterminated} 8. f4 {[%emt 0:02:44] B42: Sicilian: Kan Variation: 5 Bd3} Nge7 {[%emt 0:02:07] unterminated} 9. f5 $146 {[%emt 0:02:12] unterminated} ({Predecessor:} 9. N1d2 O-O 10. Nf3 d6 11. c3 b5 12. Be3 b4 13. Rc1 bxc3 14. bxc3 a5 15. Qe2 Bb7 16. Kh1 a4 17. Nbd4 e5 {½-½ (17) Mamedov,R (2584)-Milov,V (2676) Baku 2007}) 9... Ng8 {[%emt 0:11:15] unterminated} 10. Bf4 e5 {[%emt 0:00:57] unterminated} (10... Bxb2 $11 11. N1d2 Bxa1 12. Qxa1 f6) 11. Be3 Nf6 {[%emt 0:01:16] unterminated} 12. fxg6 hxg6 {[%emt 0:01:39] unterminated} 13. Bg5 Qb6+ 14. Kh1 Nh5 15. Qf3 f6 16. Be3 Nd4 17. Bxd4 exd4 18. N1d2 Qc7 {[%emt 0:01:05] unterminated} 19. e5 f5 20. Nc4 {[%emt 0:03:10] unterminated} O-O {[%emt 0:03:40] unterminated} 21. g4 {[%emt 0:04:03] unterminated} b5 22. Nd6 $18 ({Not} 22. gxh5 $2 Bb7 $19) 22... Qc6 23. Qxc6 dxc6 24. Nxc8 Raxc8 25. gxh5 Bxe5 {[%emt 0:01:29] normal} 1-0

[Event "-chT Youth Countries 2019"]
[Site "Wuerzburg"]
[Date "2019.10.06"]
[Round "7.6"]
[White "Schwartz, Oliver"]
[Black "Fuchs, Emily"]
[Result "1-0"]
[ECO "C50"]
[WhiteElo "1650"]
[BlackElo "1490"]
[Annotator "NA"]
[PlyCount "124"]
[EventDate "2019.10.02"]
[EventType "team-tourn"]
[EventRounds "7"]
[EventCountry "GER"]
[SourceTitle "playchess.com"]
[Source "ChessBase"]
[SourceQuality "1"]
[WhiteTeam "Württemberg"]
[BlackTeam "Saarland"]
[TimeControl "40/5400+30:1800+30"]

1. e4 e5 2. Nf3 Nc6 3. Bc4 Nf6 4. d3 Bc5 5. c3 d6 6. Bb3 Be6 7. h3 h6 8. Nbd2 Qd7 9. Nf1 d5 10. Ng3 dxe4 11. dxe4 Qxd1+ 12. Bxd1 O-O-O 13. Bb3 Rd6 14. Bxe6+ Rxe6 15. O-O Rd8 16. Be3 Bxe3 17. fxe3 Na5 18. b3 Rd3 19. Kf2 Rxc3 20. Rac1 Rxc1 21. Rxc1 Nc6 22. Ke2 g6 23. Nd2 h5 24. Rf1 Kd7 25. Nh1 Ke7 26. g3 b5 27. Nf2 a5 28. Nd3 Nd7 29. Rc1 Kd6 30. Nb1 Na7 31. Nc3 c6 32. Nb1 f5 33. Nd2 c5 34. Rf1 Rf6 35. Nb2 Ke6 36. exf5+ gxf5 37. Nd1 Nc6 38. Nc3 b4 39. Na4 Kd5 40. Nc4 e4 41. Ncb6+ Nxb6 42. Nxb6+ Ke6 43. Na4 Rg6 44. Nxc5+ Ke5 45. Kf2 Ne7 46. Nd7+ Kd6 47. Rd1+ Kc7 48. Ne5 Re6 49. Nc4 Rc6 50. Rd2 Rc5 51. Nd6 Ng6 52. Ne8+ Kb6 53. Rd6+ Rc6 54. Rxc6+ Kxc6 55. Ng7 Ne5 56. Nxf5 Nd3+ 57. Kg2 Nc1 58. g4 hxg4 59. h4 Nxa2 60. h5 a4 61. h6 axb3 62. Nd4+ Kd6 {[%emt 0:00:32] normal} 1-0

[Event "-chT Youth Countries 2019"]
[Site "Wuerzburg"]
[Date "2019.10.06"]
[Round "7.6"]
[White "Pavlov, Liliane"]
[Black "Yaghi, Rita"]
[Result "0-1"]
[ECO "D30"]
[WhiteElo "1632"]
[BlackElo "1973"]
[Annotator "NA"]
[PlyCount "84"]
[EventDate "2019.10.02"]
[EventType "team-tourn"]
[EventRounds "7"]
[EventCountry "GER"]
[SourceTitle "playchess.com"]
[Source "ChessBase"]
[SourceQuality "1"]
[WhiteTeam "Team Süd"]
[BlackTeam "Hessen"]
[TimeControl "40/5400+30:1800+30"]

1. d4 d5 2. c4 e6 3. Nf3 c6 4. g3 dxc4 5. Bg2 b5 6. Ne5 Bb7 7. a4 Qc8 8. b3 cxb3 9. Qxb3 a6 10. O-O Nd7 11. Nd3 Ngf6 12. Nc3 Be7 13. Ba3 Rb8 14. Bxe7 Kxe7 15. Qa3+ Ke8 16. Rfc1 Qd8 17. Nb4 a5 18. Bxc6 axb4 19. Bxd7+ Qxd7 20. Qxb4 Nd5 21. Qxb5 Nxc3 22. Qxd7+ Kxd7 23. Rxc3 Rhc8 24. Rd3 Rc2 25. Kf1 Ba6 26. Re3 Rcb2 27. Rd1 Rb1 28. Ke1 Rxd1+ 29. Kxd1 Rb4 30. Re4 Rxa4 31. e3 Ra1+ 32. Kd2 Ra2+ 33. Ke1 Re2+ 34. Kd1 Rxf2 35. h4 Bb7 36. Re5 Rf5 37. Rxf5 exf5 38. Ke2 Ke6 39. Kf2 Be4 40. Kg1 Kd5 41. Kf2 Kc4 42. Ke2 Kc3 {[%emt 0:00:07] normal} 0-1

[Event "-chT Youth Countries 2019"]
[Site "Wuerzburg"]
[Date "2019.10.06"]
[Round "7.6"]
[White "Grabs, Peter"]
[Black "Reuter, Elisa"]
[Result "1/2-1/2"]
[ECO "B31"]
[WhiteElo "1592"]
[BlackElo "1873"]
[Annotator "NA"]
[PlyCount "77"]
[EventDate "2019.10.02"]
[EventType "team-tourn"]
[EventRounds "7"]
[EventCountry "GER"]
[SourceTitle "playchess.com"]
[Source "ChessBase"]
[SourceQuality "1"]
[WhiteTeam "Brandenburg/Berlin"]
[BlackTeam "Thüringen"]
[TimeControl "40/5400+30:1800+30"]

1. e4 c5 2. Nf3 Nc6 3. Bb5 g6 4. O-O Bg7 5. Re1 e5 6. Nc3 Nge7 7. a3 O-O 8. d3 d6 9. h3 h6 10. Bd2 Bd7 11. Kh2 f5 12. Qc1 Kh7 13. Bc4 f4 14. Rf1 g5 15. g4 Ng6 16. Ne2 Qc8 17. Rg1 Nce7 18. Qe1 Bc6 19. Nc3 Qd7 20. Nd5 Ng8 21. b4 Bxd5 22. Bxd5 Nf6 23. c4 Nxd5 24. exd5 e4 25. dxe4 Bxa1 26. Qxa1 b6 27. Re1 Rae8 28. Bc3 Qc7 29. e5 dxe5 30. Nxe5 Nxe5 31. Bxe5 Qf7 32. Bd6 Rxe1 33. Qxe1 Re8 34. Qb1+ Qg6 35. Qxg6+ Kxg6 36. bxc5 bxc5 37. Bxc5 a6 38. Bb6 Kf7 39. d6 {[%emt 0:09:14] normal} 1/2-1/2

[Event "-chT Youth Countries 2019"]
[Site "Wuerzburg"]
[Date "2019.10.06"]
[Round "7.7"]
[White "Bardorz, Jana"]
[Black "Bungarten, Jona"]
[Result "1-0"]
[ECO "C60"]
[WhiteElo "1929"]
[BlackElo "1669"]
[Annotator "NA RC"]
[PlyCount "33"]
[EventDate "2019.10.02"]
[EventType "team-tourn"]
[EventRounds "7"]
[EventCountry "GER"]
[SourceTitle "playchess.com"]
[Source "ChessBase"]
[SourceQuality "1"]
[WhiteTeam "Bayern 1"]
[BlackTeam "Nordrhein-Westfalen"]
[TimeControl "40/5400+30:1800+30"]

1. e4 e5 2. Nf3 Nc6 3. Bb5 Nge7 4. Nc3 g6 5. d4 exd4 6. Nd5 Bg7 7. Bg5 h6 8. Bf6 Bxf6 9. Nxf6+ Kf8 {[%emt 0:00:03] unterminated} 10. Qd2 {[%emt 0:03:13] unterminated} d6 {[%emt 0:06:01] unterminated} 11. O-O-O Kg7 {[%emt 0:01:22] unterminated} 12. Nxd4 Ne5 {[%emt 0:02:15] [#] unterminated} ({Reject} 12... Kxf6 $6 13. Qc3 $11) 13. f4 $16 Kxf6 14. fxe5+ dxe5 15. Qf2+ Kg7 16. Nf5+ Bxf5 17. Rxd8 {[%emt 0:01:05] normal} 1-0

[Event "-chT Youth Countries 2019"]
[Site "Wuerzburg"]
[Date "2019.10.06"]
[Round "7.7"]
[White "Kempe, Caius Emilian"]
[Black "Yue, Qizhou"]
[Result "1-0"]
[ECO "E20"]
[WhiteElo "1835"]
[BlackElo "1810"]
[Annotator "NA"]
[PlyCount "111"]
[EventDate "2019.10.02"]
[EventType "team-tourn"]
[EventRounds "7"]
[EventCountry "GER"]
[SourceTitle "playchess.com"]
[Source "ChessBase"]
[SourceQuality "1"]
[WhiteTeam "Sachsen"]
[BlackTeam "Rheinland-Pfalz"]
[TimeControl "40/5400+30:1800+30"]

1. d4 Nf6 2. c4 e6 3. Nc3 Bb4 4. f3 d5 5. a3 Bxc3+ 6. bxc3 c6 7. e3 O-O {[%emt 0:01:19] E20: Nimzo-Indian: 4 g3 and 4 f3} 8. Bd3 c5 $146 ({Predecessor:} 8... Re8 9. Ne2 e5 10. cxd5 cxd5 11. dxe5 Rxe5 12. O-O Nc6 13. Nd4 Re8 14. Bc2 Ne5 15. Qe1 {0-1 (33) Naroditsky,D (2616)-Sargissian,G (2689) chess.com INT 2019}) 9. cxd5 exd5 10. Ne2 {[%emt 0:00:35] unterminated} Nc6 11. Kf2 {[%emt 0:01:47] unterminated} Re8 {[%emt 0:02:31] unterminated} 12. h4 {[%emt 0:01:35] unterminated} h5 {[%emt 0:07:34] unterminated} 13. Bb1 {[%emt 0:03:47] unterminated} Qe7 {[%emt 0:11:40] unterminated} 14. Nf4 {[%emt 0:01:29] unterminated} g6 {[%emt 0:09:37] unterminated} 15. Ra2 {[%emt 0:13:50] unterminated} Bd7 {[%emt 0:08:49] unterminated} 16. Re2 {[%emt 0:02:42] unterminated} Rac8 {[%emt 0:05:33] unterminated} 17. Ba2 {[%emt 0:03:54] unterminated} cxd4 18. cxd4 Qd6 {[%emt 0:00:37] unterminated} 19. Bb1 {[%emt 0:16:51] unterminated} Na5 {[%emt 0:03:48] unterminated} 20. Nd3 {[%emt 0:12:15] unterminated} Nc4 21. Qb3 Bf5 {[%emt 0:01:42] unterminated} 22. a4 Qb6 {[%emt 0:02:07] unterminated} (22... Rc6 $17) 23. Qa2 Re7 {[%emt 0:00:28] unterminated} 24. Rd1 {[%emt 0:03:34] unterminated} (24. Ba3 $5 Ree8 25. Ne5 $15) 24... Rce8 25. Rde1 Qc7 {[%emt 0:00:36] unterminated} 26. Nf4 Bxb1 27. Qxb1 Qd6 28. Qd3 {[%emt 0:00:49] unterminated} Qa6 29. Rc2 Qxa4 30. Nxd5 Nxd5 31. Qxc4 Qxc4 32. Rxc4 Nf4 {[%emt 0:00:31] unterminated} 33. Rd1 Nd5 34. e4 Rc7 35. Rxc7 Nxc7 36. Bf4 Ne6 37. Be3 Rc8 38. d5 Rc2+ 39. Rd2 Rxd2+ 40. Bxd2 Nc5 41. Ke3 Nd7 42. Kd4 Kf8 43. e5 Ke8 44. g4 b6 {[%emt 0:00:00] unterminated} 45. gxh5 gxh5 $18 46. f4 {[%emt 0:00:00] unterminated} a5 47. f5 Nc5 48. Bg5 Kd7 49. e6+ fxe6 50. fxe6+ Nxe6+ 51. dxe6+ Kxe6 52. Bd8 Kf5 53. Bxb6 Kg4 54. Bd8 Kf5 55. Bxa5 Kg6 56. Ke5 {normal} 1-0

[Event "-chT Youth Countries 2019"]
[Site "Wuerzburg"]
[Date "2019.10.06"]
[Round "7.7"]
[White "Bock, Marlon"]
[Black "Sperling, Niclas"]
[Result "1/2-1/2"]
[ECO "B08"]
[WhiteElo "1671"]
[BlackElo "1656"]
[Annotator "NA"]
[PlyCount "69"]
[EventDate "2019.10.02"]
[EventType "team-tourn"]
[EventRounds "7"]
[EventCountry "GER"]
[SourceTitle "playchess.com"]
[Source "ChessBase"]
[SourceQuality "1"]
[WhiteTeam "Thüringen"]
[BlackTeam "Brandenburg/Berlin"]
[TimeControl "40/5400+30:1800+30"]

1. d4 Nf6 2. Nf3 g6 3. Nc3 Bg7 4. e4 d6 5. Be3 O-O 6. Qd2 Nbd7 7. Bh6 e5 8. Bxg7 Kxg7 9. dxe5 Nxe5 10. Nxe5 dxe5 11. O-O-O Be6 12. Qg5 Nd7 13. Qxd8 Rfxd8 14. Be2 Nc5 15. h4 c6 16. Rxd8 Rxd8 17. b4 Nd7 18. Rd1 Kf8 19. a4 Ke7 20. a5 Nf6 21. Rxd8 Kxd8 22. f3 Nh5 23. Na4 Ng3 24. Bd3 Kc7 25. c4 b6 26. Kd2 f5 27. axb6+ axb6 28. c5 b5 29. Nc3 Bd7 30. Ke3 f4+ 31. Kf2 Kd8 32. Ne2 Nxe2 33. Bxe2 Ke7 34. g3 Kf6 {[%emt 0:00:18] normal} 35. g4 {normal} 1/2-1/2

[Event "-chT Youth Countries 2019"]
[Site "Wuerzburg"]
[Date "2019.10.06"]
[Round "7.7"]
[White "Buchholz, Maja"]
[Black "Ensslinger, Colin"]
[Result "0-1"]
[ECO "A50"]
[WhiteElo "1671"]
[BlackElo "1687"]
[Annotator "NA"]
[PlyCount "104"]
[EventDate "2019.10.02"]
[EventType "team-tourn"]
[EventRounds "7"]
[EventCountry "GER"]
[SourceTitle "playchess.com"]
[Source "ChessBase"]
[SourceQuality "1"]
[WhiteTeam "Hessen"]
[BlackTeam "Team Süd"]
[TimeControl "40/5400+30:1800+30"]

1. d4 Nf6 2. c4 b6 3. Nc3 Bb7 4. Qc2 d5 5. cxd5 Nxd5 6. e4 Nxc3 7. bxc3 e5 8. Nf3 exd4 9. cxd4 Bb4+ 10. Bd2 Bxd2+ 11. Kxd2 O-O 12. Bd3 Nc6 13. Qc3 Qe7 14. Rhe1 Rad8 15. Re2 Nb4 16. Ke1 Nxd3+ 17. Qxd3 Qb4+ 18. Qd2 Qxd2+ 19. Kxd2 Rfe8 20. Rae1 Re7 21. Kc3 Rde8 22. Nd2 f6 23. g3 Kf7 24. f4 c5 25. dxc5 Rc8 26. Re3 Rxc5+ 27. Kb3 Rd7 28. Nb1 Ba6 29. e5 Bc4+ 30. Kb2 fxe5 31. Rxe5 Rxe5 32. Rxe5 Re7 33. Rxe7+ Kxe7 34. Nd2 Bd5 35. a3 Kd6 36. Nb3 Be4 37. Kc3 Kd5 38. Nd2 h5 39. a4 g6 40. Nc4 Bf5 41. h4 Ke4 42. Nd6+ Kf3 43. Nxf5 gxf5 44. Kc4 Kxg3 45. Kb5 Kxh4 46. Ka6 Kg4 47. Kxa7 h4 48. Kxb6 h3 49. a5 h2 50. a6 h1=Q 51. Ka7 Qa1 52. Kb7 Qxa6+ {[%emt 0:00:50] normal} 0-1

[Event "-chT Youth Countries 2019"]
[Site "Wuerzburg"]
[Date "2019.10.06"]
[Round "7.7"]
[White "Sauer, Tim"]
[Black "Mundt, Alexandra"]
[Result "1-0"]
[ECO "C42"]
[WhiteElo "1597"]
[BlackElo "1760"]
[Annotator "NA"]
[PlyCount "119"]
[EventDate "2019.10.02"]
[EventType "team-tourn"]
[EventRounds "7"]
[EventCountry "GER"]
[SourceTitle "playchess.com"]
[Source "ChessBase"]
[SourceQuality "1"]
[WhiteTeam "Niedersachsen"]
[BlackTeam "Schleswig-Holstein"]
[TimeControl "40/5400+30:1800+30"]

1. e4 e5 2. Nf3 Nf6 3. Nxe5 d6 4. Nf3 Nxe4 5. Nc3 Nxc3 6. dxc3 Be7 7. Be3 O-O 8. Qd2 Nc6 9. O-O-O a6 10. Bd3 Rb8 11. h4 b5 12. Ng5 h6 13. Nf3 Na5 14. Bxh6 Nc4 15. Qf4 Re8 16. Bg5 Bxg5 17. hxg5 Be6 18. Qh4 Kf8 19. Qh8+ Ke7 20. Qxg7 Rg8 21. Qf6+ Kf8 22. Qf4 Ne5 23. Nxe5 dxe5 24. Qxe5 Qxg5+ 25. Qxg5 Rxg5 26. Rh8+ Rg8 27. Rxg8+ Kxg8 28. Be4 Kf8 29. b3 Rb6 30. Rd3 Ke7 31. Kd2 Bd7 32. Re3 Kf6 33. Rf3+ Ke7 34. g3 c5 35. Re3 Kf8 36. f4 Rh6 37. Re2 Bg4 38. Rg2 Rd6+ 39. Kc1 Rd1+ 40. Kb2 Ke7 41. Bb7 Rd6 42. Rh2 a5 43. Rh4 Rg6 44. Bc6 b4 45. cxb4 axb4 46. Bd5 Rg7 47. Rh1 Kd6 48. Bc4 Bf3 49. Re1 Bg4 50. Re5 f6 51. Rd5+ Kc6 52. Rd8 Bd7 53. Rg8 Rh7 54. Rg6 Rh2 55. Rxf6+ Kc7 56. Bd3 Rg2 57. Rg6 Rf2 58. Rg5 Kd6 59. a3 Rf3 60. a4 {[%emt 0:00:00] normal Kd5} 1-0

[Event "-chT Youth Countries 2019"]
[Site "Wuerzburg"]
[Date "2019.10.06"]
[Round "7.7"]
[White "Haubold, Sebastian Marcel"]
[Black "Schnabel, Luise"]
[Result "1-0"]
[ECO "B03"]
[WhiteElo "1585"]
[BlackElo "1900"]
[Annotator "NA"]
[PlyCount "112"]
[EventDate "2019.10.02"]
[EventType "team-tourn"]
[EventRounds "7"]
[EventCountry "GER"]
[SourceTitle "playchess.com"]
[Source "ChessBase"]
[SourceQuality "1"]
[WhiteTeam "Sachsen-Anhalt"]
[BlackTeam "Berlin"]
[TimeControl "40/5400+30:1800+30"]

1. e4 Nf6 2. e5 Nd5 3. c4 Nb6 4. d4 d6 5. f4 dxe5 6. fxe5 Bf5 {[%emt 0:00:11] unterminated} 7. Be3 {[%emt 0:04:58] unterminated} e6 {[%emt 0:02:13] unterminated} 8. Nc3 Bb4 {[%emt 0:01:24] unterminated} 9. Be2 {[%emt 0:06:24] [#] unterminated} c5 $1 {[%emt 0:02:23] unterminated} 10. Nf3 {[%emt 0:04:14] unterminated} Nc6 {[%emt 0:08:01] unterminated B03: Alekhine's Defence: Four Pawns Attack} (10... O-O 11. O-O cxd4 12. Nxd4 Bxc3 13. bxc3 Bg6 14. Nb5 N6d7 15. Nd6 Nc6 16. Nxb7 Qc7 17. Nd6 Ncxe5 18. Qd4 {½-½ (30) Oren,I (2316)-Schmidt,L (2395) ICCF email 2015}) 11. O-O {[%emt 0:03:26] unterminated} Bxc3 {[%emt 0:11:15] unterminated} 12. bxc3 {[%emt 0:01:58] unterminated} Rc8 $146 {[%emt 0:08:31] unterminated} ({Predecessor:} 12... O-O 13. Rc1 Rc8 14. Bg5 Qd7 15. dxc5 Qxd1 16. Rfxd1 Na4 17. Be3 Bg4 18. Bd4 h6 19. h3 Bh5 20. g4 Bg6 {½-½ (32) Podvoysky,E (2195)-Skeels,J (2214) LSS email 2009}) 13. Qd2 {[%emt 0:05:49] unterminated} Na5 {[%emt 0:08:34] unterminated} 14. dxc5 {[%emt 0:04:14] unterminated} Qxd2 15. Nxd2 {[%emt 0:00:48] unterminated} ({Of course not} 15. Bxd2 Nbxc4 16. Bg5 h6 $15) 15... Nd7 16. Nb3 {[%emt 0:02:31] unterminated} Nxb3 $2 (16... Nc6 $11 {and Black has nothing to worry.}) 17. axb3 {[%emt 0:00:16] unterminated} a6 {[%emt 0:03:37] unterminated} 18. b4 {[%emt 0:05:01] unterminated} (18. Bf3 $18 Nxc5 19. Bxc5 Rxc5 20. Bxb7) 18... Nxe5 19. Bd4 f6 20. Bxe5 fxe5 21. Rad1 {[%emt 0:01:00] unterminated} Ke7 {[%emt 0:03:10] unterminated} 22. Rfe1 {[%emt 0:02:54] unterminated} e4 23. Rd6 {[%emt 0:02:17] unterminated} Rhd8 24. Red1 {[%emt 0:04:04] unterminated} Bg6 25. Bg4 Bf5 26. Bxf5 exf5 27. Kf2 {[%emt 0:00:33] unterminated} Rxd6 28. Rxd6 Rd8 29. Rb6 Rd3 30. Rxb7+ Kd8 31. b5 axb5 32. cxb5 Rxc3 {[%emt 0:00:28] unterminated} 33. c6 Rc5 $2 ({Black should play} 33... f4 $14) 34. Ke3 {[%emt 0:02:17] unterminated} g5 35. g3 (35. Kd4 $142 Rc2 36. Rxh7) 35... h6 36. Kd4 Rc2 37. Rd7+ Kc8 {[%emt 0:00:16] unterminated} 38. Ke5 $2 (38. Re7) 38... e3 39. Rd3 e2 40. Re3 Kc7 {[%emt 0:01:36] unterminated} 41. Kxf5 {[%emt 0:34:04] unterminated} Rc5+ 42. Kg6 Rxb5 {[%emt 0:01:35] unterminated} 43. Rxe2 Kxc6 {[%emt 0:02:32] unterminated} 44. Kxh6 {[%emt 0:00:00] unterminated} Kd6 {[%emt 0:03:55] unterminated} 45. Kg6 {[%emt 0:00:00] unterminated} Rc5 46. Kh5 $18 Rb5 47. Kg4 Kd7 48. h4 gxh4 49. Kxh4 Rb1 50. g4 Rg1 51. Kh5 Rh1+ 52. Kg6 Rg1 53. g5 Rg3 54. Kh6 Rh3+ 55. Kg7 Rg3 56. g6 Rg1 {[%emt 0:00:21] normal} 1-0

[Event "-chT Youth Countries 2019"]
[Site "Wuerzburg"]
[Date "2019.10.06"]
[Round "7.7"]
[White "Henninger, Claire"]
[Black "Fuchs, Florian"]
[Result "0-1"]
[ECO "B33"]
[WhiteElo "1471"]
[BlackElo "2256"]
[Annotator "ChessBase"]
[PlyCount "98"]
[EventDate "2019.10.02"]
[EventType "team-tourn"]
[EventRounds "7"]
[EventCountry "GER"]
[SourceTitle "playchess.com"]
[Source "ChessBase"]
[SourceQuality "1"]
[WhiteTeam "Baden 2"]
[BlackTeam "Bayern 2"]
[TimeControl "40/5400+30:1800+30"]

1. e4 c5 2. Nf3 Nc6 3. d4 cxd4 4. Nxd4 Nf6 5. Nc3 e6 6. a3 Qc7 7. Be3 a6 8. Be2 b5 9. Nxc6 dxc6 10. f4 Bb7 11. e5 Rd8 12. Qc1 Nd5 13. Bf3 Nxc3 14. bxc3 c5 15. Ke2 Bd5 16. Rd1 Qc6 17. Rd2 Bxf3+ 18. gxf3 Be7 19. Rxd8+ Kxd8 20. Qg1 g6 21. Qd1+ Kc7 22. Qd3 Rd8 23. Qe4 Qb6 24. c4 Qa5 25. Ra2 Qa4 26. cxb5 Qxb5+ 27. c4 Qb3 28. Qc2 Rb8 29. Qxb3 Rxb3 30. Bd2 h6 31. a4 Kc6 32. Rc2 Ra3 33. a5 Bd8 34. Rc3 Ra2 35. Rd3 Bxa5 36. Rd6+ Kc7 37. Kd1 Bb4 38. Ke2 a5 39. Ke3 a4 40. Bxb4 cxb4 41. Kd3 b3 42. Ra6 b2 43. Kc2 a3 44. Kb1 Ra1+ 45. Kc2 b1=Q+ 46. Kd2 Qb3 47. Ra7+ Kb6 48. Ra8 Ra2+ 49. Ke1 Qb1# {normal} 0-1

[Event "-chT Youth Countries 2019"]
[Site "Wuerzburg"]
[Date "2019.10.06"]
[Round "7.7"]
[White "Alhassan, Jodi"]
[Black "Woerz, Ann-Sophie"]
[Result "1/2-1/2"]
[ECO "B07"]
[WhiteElo "1147"]
[BlackElo "1500"]
[Annotator "NA"]
[PlyCount "94"]
[EventDate "2019.10.02"]
[EventType "team-tourn"]
[EventRounds "7"]
[EventCountry "GER"]
[SourceTitle "playchess.com"]
[Source "ChessBase"]
[SourceQuality "1"]
[WhiteTeam "Saarland"]
[BlackTeam "Württemberg"]
[TimeControl "40/5400+30:1800+30"]

1. e4 d6 2. d4 Nf6 3. Nc3 c6 4. f4 Qa5 5. Bd3 Nbd7 6. Bd2 e5 7. Nb5 Qd8 8. Nxd6+ Bxd6 9. dxe5 Nxe5 10. fxe5 Bxe5 11. Rb1 Nxe4 12. Qe2 Nxd2 13. Qxe5+ Be6 14. Kxd2 O-O 15. Qe4 Qg5+ 16. Ke1 Qh6 17. Ne2 Bxa2 18. Ra1 Bd5 19. Qg4 Rfe8 20. h4 Qe3 21. h5 h6 22. Rf1 Re5 23. Kd1 Rd8 24. Qf4 Qxf4 25. Nxf4 a6 26. Nxd5 Rdxd5 27. g4 Rd4 28. Rg1 Rg5 29. Re1 Kf8 30. Re4 Rxg4 31. Rxg4 Rxg4 32. Kd2 Rg5 33. Rh1 Ke7 34. Re1+ Kd6 35. Rf1 f6 36. Bg6 a5 37. Rf5 Rxf5 38. Bxf5 Ke5 39. Bg6 f5 40. Ke3 a4 41. Bh7 b5 42. c3 c5 43. Bg8 b4 44. cxb4 cxb4 45. Bf7 b3 46. Bg8 Kf6 47. Kf4 g5+ {[%emt 0:00:00] normal} 1/2-1/2